Map: Defender's Landing LE

Players

Yata

  • Race: Zerg Zerg
  • Spawn Location: 1:00

LoLNewbie - Winner!

  • Race: Protoss Protoss
  • League: Gold
  • Spawn Location: 7:00

VOD

Have the link to the VOD?

Description

Time

  • Played on: July 7, 2017, 1:52 p.m.
  • Length: 17:36
Show
View Real Time Build Order
Export as new Build Order

Yata Zerg 

Build Orders: Hatch First, Lurkers 

Get SALT Encoding   

  12  0:01  Drone  
  13  0:12  Overlord  
  13  0:18  Drone  
  14  0:31  Drone x2  
  14  0:35  Drone  
  17  0:54  Hatchery  
  16  0:58  Drone  
  16  1:00  Drone  
  18  1:08  Extractor  
  17  1:17  Spawning Pool  
  16  1:20  Drone  
  16  1:23  Drone  
  18  1:28  Drone  
  19  1:39  Drone  
  20  1:50  Drone  
  21  2:04  Overlord  
  21  2:11  Metabolic Boost  
  21  2:20  Drone x2  
  23  2:23  Zergling x4  
  25  2:37  Drone x2, Queen  
  25  2:38  Queen  
  25  2:40  Overlord  
  31  2:46  Drone  
  32  2:57  Drone x2  
  34  3:01  Drone  
  35  3:24  Drone  
  35  3:25  Drone x3  
  39  3:35  Drone  
  39  3:36  Drone  
  39  3:39  Lair  
  41  3:41  Drone  
  41  3:43  Queen  
  41  3:45  Overlord  
  44  4:15  Overlord x3  
  44  4:35  Hatchery  
  43  4:39  Drone x4  
  47  4:47  Extractor  
  47  4:50  Extractor  
  47  4:51  Extractor  
  44  4:58  Hydralisk Den  
  43  5:00  Drone x4  
  43  5:01  Drone x3  
  43  5:04  Queen  
  52  5:20  Pneumatized Carapace  
  52  5:42  Drone x4  
  56  5:53  Drone x4  
  56  5:54  Drone x4  
  56  5:55  Drone  
  65  6:00  Overseer  
  65  6:06  Muscular Augments  
  65  6:07  Drone x4  
  65  6:08  Drone x3  
  65  6:09  Overlord x2  
  72  6:53  Extractor  
  71  6:54  Hydralisk  
  71  6:55  Extractor, Hydralisk x9  
  90  7:08  Overlord x5  
  90  7:09  Overlord x7  
  90  7:28  Lurker Den  
  90  7:30  Drone, Hydralisk  
  90  7:31  Hydralisk x6  
  105  7:49  Burrow  
  105  8:07  Overlord x3  
  105  8:16  Hydralisk x6  
  117  8:35  Spire  
  116  9:04  Lurker  
  116  9:05  Lurker x3  
  120  9:17  Infestation Pit, Queen  
  120  9:18  Queen  
  120  9:19  Queen  
  125  9:36  Hydralisk x7  
  125  9:38  Hatchery  
  138  9:48  Lurker  
  139  10:10  Evolution Chamber  
  139  10:13  Evolution Chamber  
  96  10:48  Drone  
  77  10:57  Hydralisk  
  77  10:58  Hydralisk x16  
  105  11:32  Mutalisk x4  
  113  11:49  Drone  
  113  11:50  Drone x12  
  126  12:00  Extractor x2  
  124  12:06  Hive  
  122  12:50  Roach Warren  
  120  13:13  Hydralisk  
  120  13:14  Hydralisk x19  
  117  14:16  Ultralisk Cavern  
  90  15:04  Roach x11  
  90  15:05  Roach x30  
  172  15:12  Corruptor  
  172  15:13  Corruptor  
  176  15:22  Greater Spire  
  176  15:31  Glial Reconstitution  
  176  15:58  Roach x10  
  142  16:18  Roach  
  142  16:19  Roach x13  
  146  16:45  Roach x11  
  146  16:46  Roach x7  
  139  17:22  Drone  
Show
View Real Time Build Order
Export as new Build Order

LoLNewbie Protoss - Winner!

Build Orders:  

Get SALT Encoding   

  12  0:01  Probe (Chrono Boost)  
  13  0:11  Probe (Chrono Boost)  
  14  0:22  Probe (Chrono Boost)  
  14  0:25  Pylon  
  15  0:38  Assimilator  
  15  0:43  Forge  
  15  0:47  Probe (Chrono Boost)  
  16  0:58  Probe (Chrono Boost)  
  16  0:59  Gateway  
  17  1:08  Probe (Chrono Boost)  
  17  1:09  Assimilator  
  18  1:24  Probe (Chrono Boost)  
  19  1:25  Pylon  
  19  1:35  Probe (Chrono Boost)  
  20  1:45  Probe (Chrono Boost)  
  21  1:57  Cybernetics Core  
  21  2:04  Probe (Chrono Boost)  
  21  2:07  Photon Cannon  
  22  2:15  Probe (Chrono Boost)  
  23  2:32  Nexus  
  23  2:36  Pylon  
  23  2:41  Warp Gate (Chrono Boost)  
  23  2:45  Sentry (Chrono Boost)  
  23  2:50  Probe  
  26  3:03  Robotics Facility  
  26  3:09  Sentry (Chrono Boost)  
  27  3:27  Photon Cannon  
  27  3:29  Mothership Core (Chrono Boost)  
  29  3:43  Probe (Chrono Boost)  
  29  3:47  Probe  
  31  3:53  Probe  
  32  3:59  Probe  
  33  4:06  Probe  
  34  4:17  Probe  
  34  4:19  Photon Cannon  
  34  4:20  Probe  
  36  4:26  Gateway  
  36  4:27  Gateway, Probe  
  38  4:31  Observer  
  38  4:32  Probe  
  38  4:38  Probe  
  39  4:44  Probe  
  39  4:45  Assimilator  
  41  4:48  Probe  
  42  4:56  Probe  
  42  4:57  Assimilator  
  42  4:59  Probe  
  43  5:01  Protoss Ground Weapons Level 1 (Chrono Boost)  
  43  5:02  Immortal  
  48  5:09  Probe  
  48  5:10  Probe  
  50  5:20  Probe  
  50  5:21  Probe  
  51  5:22  Sentry  
  54  5:35  Gateway  
  54  5:37  Pylon  
  54  5:41  Pylon  
  54  5:54  Probe  
  55  6:06  Sentry x2  
  55  6:07  Sentry  
  55  6:11  Immortal  
  65  6:21  Gateway  
  65  6:23  Gateway  
  65  6:25  Gateway  
  65  6:28  Pylon  
  65  6:30  Pylon  
  65  6:37  Pylon  
  65  6:40  Pylon  
  65  6:46  Photon Cannon  
  65  6:49  Twilight Council  
  65  6:50  Immortal, Probe  
  70  6:55  Assimilator, Stalker  
  70  6:56  Stalker x2  
  76  7:06  Photon Cannon  
  76  7:14  Stalker  
  78  7:17  Protoss Shields Level 1 (Chrono Boost)  
  78  7:31  Stalker x2  
  78  7:32  Stalker  
  78  7:33  Nexus  
  78  7:36  Pylon  
  84  7:44  Immortal  
  88  7:57  Photon Cannon  
  88  8:05  Pylon  
  88  8:10  Stalker  
  88  8:11  Stalker  
  88  8:12  Stalker x2  
  96  8:20  Forge  
  96  8:26  Photon Cannon  
  96  8:29  Sentry  
  96  8:30  Sentry  
  96  8:34  Blink (Chrono Boost)  
  100  8:40  Assimilator  
  100  8:45  Assimilator  
  100  8:46  Protoss Ground Weapons Level 2  
  100  8:54  Templar Archives  
  100  9:02  Protoss Ground Armor Level 1  
  100  9:03  Probe  
  101  9:10  Probe  
  101  9:15  Probe  
  103  9:20  Stalker  
  103  9:21  Stalker, Probe  
  108  9:25  Stalker  
  108  9:27  Probe  
  112  9:31  Observer  
  112  9:32  Probe  
  113  9:40  Robotics Bay, Probe  
  114  9:52  Photon Cannon  
  114  10:00  Pylon  
  114  10:04  High Templar  
  114  10:05  High Templar  
  118  10:09  Archon  
  118  10:10  Charge (Chrono Boost)  
  118  10:17  Immortal (Chrono Boost)  
  122  10:26  Zealot x3  
  106  10:42  Stalker x3  
  100  10:43  Stalker  
  80  11:08  Stalker  
  80  11:09  Stalker x2  
  86  11:15  Colossus (Chrono Boost)  
  92  11:19  Zealot x3  
  92  11:25  Zealot  
  100  11:31  Photon Cannon  
  100  11:36  Nexus  
  100  11:37  Protoss Ground Armor Level 2 (Chrono Boost)  
  100  11:39  Photon Cannon  
  100  11:53  Protoss Ground Weapons Level 3 (Chrono Boost)  
  100  12:02  Colossus  
  100  12:05  Zealot  
  100  12:06  Zealot x3  
  100  12:07  Sentry  
  116  12:10  Sentry  
  116  12:11  Sentry  
  120  12:23  Pylon  
  120  12:30  Assimilator  
  120  12:35  Assimilator  
  120  12:36  Stalker  
  120  12:37  Stalker x2  
  124  12:38  Stalker  
  128  12:44  Photon Cannon  
  128  12:56  High Templar x2, Immortal  
  136  13:05  Zealot x2  
  140  13:07  Zealot  
  142  13:14  High Templar x2  
  142  13:18  Archon  
  142  13:19  Archon  
  146  13:30  Gateway  
  146  13:32  Gateway  
  146  13:33  Gateway  
  146  13:35  Gateway  
  146  13:37  Gateway  
  146  13:48  Zealot x3  
  148  13:49  Zealot x3  
  153  13:59  High Templar  
  151  14:16  Pylon  
  151  14:17  Pylon  
  151  14:18  Pylon  
  151  14:20  Pylon  
  151  14:25  Protoss Shields Level 2 (Chrono Boost)  
  151  14:29  Pylon x2  
  151  14:33  Assimilator  
  151  14:38  Protoss Ground Armor Level 3 (Chrono Boost)  
  139  14:44  High Templar  
  139  14:45  High Templar x2  
  145  14:46  High Templar x2  
  149  14:52  Pylon  
  149  14:57  Pylon  
  149  15:13  Stalker x4  
  157  15:14  Stalker  
  157  15:18  Archon x2  
  157  15:19  Archon  
  159  15:23  Sentry x2  
  159  15:24  Stalker x2  
  167  15:41  Probe  
  168  15:58  Extended Thermal Lance (Chrono Boost)  
  148  16:22  Pylon  
  142  16:28  Stalker  
  142  16:29  Stalker x4  
  142  16:30  Stalker x3  
  142  16:31  Stalker  
  160  16:33  Stalker  
  160  16:46  Pylon  
  160  17:09  Zealot x3  
  160  17:10  Zealot x2  
  160  17:11  Zealot x2  
  160  17:12  Zealot x3  
Tags
 
Composition
Lurkers
League
Gold
Matchup
PvZ
Replay Pack
Pack 1
Spawn Locations
Cross Positions
Add a new tag
Caveats
  • Supply blocks, unpowered buildings, or Contaminate may cause inaccurate times.
  • Supply counts are checked every 10 seconds.